 Dungeon Crawl Stone Soup version 0.29-a0-22-gbf593b16ee (webtiles) character file.

Game seed: 1011741047958414210

170739 porpoise the Brawler (level 17, -13/140 HPs)
             Began as a Demonspawn Warper on Jan 28, 2022.
             Was the Champion of Nemelex Xobeh.
             Mangled by a +2 antimagic lajatang (15 damage)
             ... on level 2 of the Elven Halls on Jan 30, 2022.
             The game lasted 04:04:32 (44031 turns).

porpoise the Brawler (Demonspawn Warper)           Turns: 44031, Time: 04:04:34

Health: -13/140    AC: 27    Str: 24    XL:     17   Next: 38%
Magic:  0/27       EV: 11    Int: 19    God:    Nemelex Xobeh [******]
Gold:   2466       SH: 17    Dex: 12    Spells: 22/30 levels left

rFire   + + .      SeeInvis .     - Unarmed
rCold   + + .      Faith    .   l - +2 shield of Resistance {rF++ rC++ Will++}
rNeg    + + .      Spirit   .   I - +5 scale mail "Xouthid" {rPois Will+ Int+4}
rPois   +          Reflect  +   u - +1 hat "Tediwn" {rElec Regen+ Dex-2}
rElec   +          Harm     .   G - scarf {+Inv}
rCorr   .          Rampage  .   (gloves unavailable)
Will    ++++.                   P - +2 pair of boots
Stlth   +.........              s - amulet of reflection
HPRegen 1.13/turn               J - ring "Izuineyzac" {rN++ Str+6}
MPRegen 0.40/turn               F - ring of the Tortoise {AC+8}

@: no status effects
A: claws 3, spiny 2, magic regeneration, sharp scales 2
a: Renounce Religion, Evoke Invisibility, Draw Escape, Draw Destruction, Draw
Summoning, Draw Stack, Triple Draw, Deal Four, Stack Five


You were on level 2 of the Elven Halls.
You worshipped Nemelex Xobeh.
Nemelex Xobeh was exalted by your worship.
You visited 5 branches of the dungeon, and saw 26 of its levels.
You also visited: Bailey and Gauntlet.

You collected 4981 gold pieces.
You spent 2515 gold pieces at shops.

Inventory:

Hand Weapons
 b - the +4 hunting sling "Upleep" {vorpal, rPois Dex+2}
   (You bought it in a shop on level 2 of the Orcish Mines)

   Any ammunition fired from it inflicts extra damage upon your enemies.
   Dex:       It affects your dexterity (+2).
   rPois:     It protects you from poison.
 w - the +3 Elemental Staff {rElec rF++ rC++ AC+5}
   (You took it off a tengu reaver on level 14 of the Dungeon)

   If the wielder is skilled in Evocations, they can discharge powerful blasts
   of elemental energy when striking with it.
   It enhances your fire, ice, earth and air magic.
   AC:        It affects your AC (+5).
   rF:        It greatly protects you from fire.
   rC:        It greatly protects you from cold.
   rElec:     It insulates you from electricity.
 y - a +3 lajatang of electrocution
Missiles
 d - 7 boomerangs of dispersal
 k - 133 sling bullets
 M - 3 boomerangs
 T - a curare-tipped dart (quivered)
Armour
 l - the +2 shield of Resistance (worn) {rF++ rC++ Will++}
   (You found it on level 15 of the Dungeon)

   rF:        It greatly protects you from fire.
   rC:        It greatly protects you from cold.
   Will:      It greatly increases your willpower.
 u - the +1 hat "Tediwn" (worn) {rElec Regen+ Dex-2}
   (You found it in a Gauntlet)

   Dex:       It affects your dexterity (-2).
   rElec:     It insulates you from electricity.
   Regen:     It increases your rate of health regeneration.
 D - a +2 robe of positive energy
 G - a scarf of invisibility (worn)
 I - the +5 scale mail "Xouthid" (worn) {rPois Will+ Int+4}
   (You found it on level 1 of the Lair of Beasts)

   Int:       It affects your intelligence (+4).
   rPois:     It protects you from poison.
   Will:      It increases your willpower.
 P - a +2 pair of boots (worn)
Jewellery
 g - a ring of flight
 h - a ring of see invisible
 q - a ring of poison resistance
 s - an amulet of reflection (around neck)
 F - the ring of the Tortoise (right claw) {AC+8}
   (You found it in a Gauntlet)

   [ring of protection]

   AC:        It affects your AC (+8).
 J - the ring "Izuineyzac" (left claw) {rN++ Str+6}
   (You found it in a Gauntlet)

   [ring of strength]

   Str:       It affects your strength (+6).
   rN:        It greatly protects you from negative energy.
 W - a ring of resist corrosion
Wands
 i - a wand of mindburst (8)
 v - a wand of paralysis (20)
 A - a wand of polymorph (19)
 C - a wand of flame (48)
 E - a wand of iceblast (17)
 N - a wand of acid (22)
 Q - a wand of digging (1)
 X - a wand of charming (12)
Scrolls
 e - 6 scrolls of silence
 f - a scroll of torment
 n - 10 scrolls of vulnerability
 r - 5 scrolls of teleportation
 t - a scroll of amnesia
 H - 2 scrolls of fear
 K - 6 scrolls of identify
 L - 6 scrolls of fog
 O - 2 scrolls of magic mapping
 R - a scroll of enchant weapon
Potions
 a - a potion of mutation
 c - 10 potions of curing
 j - 3 potions of invisibility
 m - 3 potions of heal wounds
 o - 2 potions of haste
 p - 3 potions of cancellation
 x - a potion of resistance
 z - 12 potions of ambrosia
 B - 6 potions of attraction
 Y - 3 potions of might
Miscellaneous
 Z - a tin of tremorstones (2/2)


   Skills:
 * Level 14.6 Fighting
 - Level 2.0 Short Blades
 - Level 2.0 Maces & Flails
 - Level 2.0 Polearms
 - Level 0.8 Throwing
 - Level 7.0 Armour
 - Level 7.0 Dodging
 - Level 5.0 Stealth
 * Level 7.6 Shields
 - Level 16.0 Unarmed Combat
 - Level 7.0 Spellcasting
 - Level 9.0 Necromancy
 - Level 7.0 Translocations
 - Level 7.0 Transmutations
 - Level 12.0 Invocations
 + Level 5.4 Evocations


You had 22 spell levels left.
You knew the following spells:

 Your Spells              Type           Power      Damage    Failure   Level
a - Animate Dead          Necr           20%        N/A       14%         4
k - Blink                 Tloc           66%        N/A       4%          2
w - Wereblood             Tmut           33%        N/A       4%          2

Your spell library contained the following spells:

 Spells                   Type           Power      Damage    Failure   Level
 Sublimation of Blood     Necr           40%        N/A       1%          2
 Beastly Appendage        Tmut           66%        N/A       3%          1
 Gell's Gravitas          Tloc           33%        N/A       10%         3
 Lesser Beckoning         Tloc           33%        N/A       10%         3
 Teleport Other           Tloc           33%        N/A       10%         3
 Passwall                 Tmut/Erth      15%        N/A       21%         2
 Portal Projectile        Hex/Tloc       38%        N/A       36%         3
 Spider Form              Tmut/Pois      19%        N/A       36%         3
 Excruciating Wounds      Necr           20%        N/A       36%         5
 Foxfire                  Conj/Fire      24%        2x1d5     50%         1
 Sandblast                Erth           12%        2d6       50%         1
 Ignite Poison            Fire/Tmut/Pois 15%        N/A       54%         3
 Blade Hands              Tmut           16%        N/A       65%         5
 Manifold Assault         Tloc           33%        N/A       65%         5
 Iskenderun's Mystic Bla  Conj/Tloc      19%        2d6       78%         4
 Conjure Flame            Conj/Fire      6%         6-21      86%         3
 Dazzling Flash           Conj/Hex       12%        N/A       86%         3
 Inner Flame              Hex/Fire       6%         N/A       86%         3
 Stone Arrow              Conj/Erth      12%        3d7       86%         3
 Borgnjor's Vile Clutch   Necr/Erth      11%        N/A       94%         5
 Alistair's Intoxication  Tmut/Pois      12%        N/A       98%         5
 Airstrike                Air            3%         N/A       99%         4
 Animate Armour           Summ/Erth      12%        N/A       99%         4
 Cause Fear               Hex            3%         N/A       99%         4
 Flame Wave               Conj/Fire      6%         2d5       99%         4
 Sticky Flame             Conj/Fire      6%         2d3       99%         4
 Summon Lightning Spire   Summ/Air       6%         N/A       99%         4
 Iskenderun's Battlesphe  Conj           6%         2d6       100%        5
 Lightning Bolt           Conj/Air       3%         1d14      100%        5
 Eringya's Noxious Bog    Tmut/Pois      9%         N/A       100%        6
 Iron Shot                Conj/Erth      3%         9d2       100%        6
 Starburst                Conj/Fire      3%         6d3       100%        6
 Haunt                    Necr/Summ      11%        N/A       100%        7
 Spellforged Servitor     Conj/Summ      3%         N/A       100%        7
 Summon Hydra             Summ           3%         N/A       100%        7
 Borgnjor's Revivificati  Necr           20%        N/A       100%        8
 Discord                  Hex            3%         N/A       100%        8
 Infestation              Necr           20%        N/A       100%        8
 Lehudib's Crystal Spear  Conj/Erth      3%         10d2      100%        8
 Necromutation            Tmut/Necr      18%        N/A       100%        8
 Death's Door             Necr           20%        N/A       100%        9


Dungeon Overview and Level Annotations

Branches:
Dungeon (15/15)            Temple (1/1) D:4            Lair (6/6) D:8
 Shoals (0/4) Lair:2        Snake (0/4) Lair:2        Slime (0/5) Lair:5
    Orc (2/2) D:11            Elf (2/3) Orc:2        Vaults (0/5) D:13
 Depths (0/4) D:15         Bailey (visited)         Gauntlet (visited)

Altars:
Ashenzari
Cheibriados
Dithmenos
Elyvilon
Fedhas
Gozag
Hepliaklqana
Kikubaaqudgha
Makhleb
Nemelex Xobeh
Okawaru
Qazlal
Ru
Sif Muna
Trog
Uskayaw
Vehumet
Wu Jian
Xom
Yredelemnul
Zin
The Shining One
Lugonu

Shops:
D:10 !   D:14 =*[:   Orc:1 =(   Orc:2 *(?*[   Elf:1 :

Portals:
Abyss: Lair:6
Trove: Elf:1 (give 6 scrolls of fear)

Annotations:
D:15 1 runed translucent door
Abyss:1 Jorgrun


Innate Abilities, Weirdness & Mutations

You have claws for hands.
You are mostly covered in sharp spines.
You regenerate magic rapidly.
You are mostly covered in razor-sharp scales. (AC +2, Slay +2)


Message History

The +2 antimagic lajatang hits you!!
* * * LOW HITPOINT WARNING * * *
You feel your power leaking away. The +2 antimagic war axe hits you.
* * * LOW HITPOINT WARNING * * *
The +2 antimagic war axe hits your soul eater!
Your soul eater's magic leaks into the air.
Your soul eater hits the +2 antimagic war axe!
Your rakshasa closely misses the +2 antimagic lajatang.
You block the +2 antimagic lajatang's attack.
You feel much better. The +2 antimagic war axe hits you.
The +2 antimagic war axe hits your soul eater!
Your soul eater's magic leaks into the air.
The +2 antimagic lajatang hits you!
* * * LOW HITPOINT WARNING * * *
You block the +2 antimagic war axe's attack.
The +2 antimagic war axe hits your soul eater!
Your soul eater's magic leaks into the air.
Your rakshasa barely misses the +2 antimagic lajatang.
Your soul eater closely misses the +2 antimagic war axe.
You closely miss the +2 antimagic war axe.
The +2 antimagic war axe is almost destroyed.
You block the +2 antimagic lajatang's attack.
You block the +2 antimagic war axe's attack.
The +2 antimagic war axe hits your soul eater!
Your soul eater dies!
Your soul eater disappears in a puff of smoke!
You closely miss the +2 antimagic war axe.
The +2 antimagic war axe is severely damaged.
The +2 antimagic lajatang is struck by your spines.
The +2 antimagic lajatang hits you!!
* * * LOW HITPOINT WARNING * * *
You feel your power leaking away.
Your rakshasa misses the +2 antimagic lajatang.
The +2 antimagic war axe hits you!
* * * LOW HITPOINT WARNING * * *
The +2 antimagic lajatang is struck by your spines.
The +2 antimagic lajatang hits you!
You die...
Your body glows with a rainbow of weird colours and disappears.

.............## #....
...............# ##..).
..............# #....)
.............# ##.....
.............## #......
..........§...####......
.......§.......##...##.#
.......((R....# #.####.#
.......@#....## ######.#
.......###.).## ####''''
......# ##.))###.......
...... ##..).)#........
..... #...............
.............).....§....
.... ...................
..##...##...##....##....
#.# ##.####..####.#.


You could see 2 dancing weapons and a friendly rakshasa (summoned).

Vanquished Creatures
  Agnes (Elf:1)
  A tengu reaver (D:14)
  Donald (Orc:2)
  An orc warlord (Orc:1)
  A very ugly thing (D:14)
  2 deep elf demonologists
  A minotaur (Gauntlet)
  A dire elephant (shapeshifter) (Elf:1)
  Snorg (D:10)
  A fire dragon (D:15)
  A deep elf high priest (Elf:2)
  8 hydras
  A vault guard (D:13)
  4 ice dragons (D:15)
  2 ogre magi (D:15)
  8 centaur warriors
  2 catoblepae
  5 boulder beetles
  12 two-headed ogres
  Erica (D:9)
  2 death knights (D:13)
  2 tengu warriors (D:13)
  3 thrashing horrors (Lair:6)
  9 death yaks
  3 orc high priests (Orc:2)
  12 dancing weapons
  A storm dragon zombie (D:15)
  13 deep elf knights
  2 skeletal warriors (D:13)
  A storm dragon skeleton (D:15)
  A swamp dragon (Lair:5)
  2 large abominations (Lair:6)
  A shadow demon (Gauntlet)
  17 deep elf archers
  3 lindwurms (Lair:2)
  A necromancer (D:15)
  The ghost of issech the Cudgeller, a novice TrMo of Hepliaklqana (D:6)
  15 orc knights
  26 deep elf zephyrmancers
  8 orc sorcerers
  26 deep elf pyromancers
  10 ugly things
  A wolf spider zombie (D:15)
  3 manticores
  A mana viper (shapeshifter) (Lair:6)
  A salamander (shapeshifter) (Elf:1)
  4 cyclopes
  A moth of wrath (Lair:4)
  Maurice (D:8)
  3 elephants (Lair:3)
  A smoke demon (Lair:6)
  3 black mambas
  3 unseen horrors (D:11)
  11 cane toads
  3 gargoyles
  7 freezing wraiths
  4 rime drakes
  A yaktaur (D:15)
  4 kobold demonologists
  2 efreet (D:14)
  2 ancient zymes (Lair:6)
  2 tengu conjurers
  5 komodo dragons
  3 meliai (D:14)
  A tyrant leech (Lair:4)
  2 hornets
  5 polar bears
  A queen bee (Lair:1)
  9 trolls
  A tarantella (shapeshifter) (D:13)
  A tarantella (Lair:5)
  10 slime creatures
  27 blink frogs
  5 dream sheep (Lair:6)
  A centaur simulacrum (D:15)
  2 air elementals
  38 yaks
  2 shadows (D:13)
  A water elemental (Elf:2)
  3 wraiths
  A spriggan (Lair:6)
  A vampire (D:11)
  A hog (shapeshifter) (D:12)
  3 wyverns
  A human (shapeshifter) (Elf:2)
  A human (Lair:1)
  5 basilisks
  A fire elemental (Elf:1)
  4 chaos spawn (Lair:6)
  A redback (Lair:5)
  8 vampire mosquitoes
  A redback simulacrum (D:15)
  A neqoxec (Lair:6)
  Menkaure (D:7)
  10 wargs
  2 nagas (Lair:2)
  2 swamp worms (Lair:4)
  8 small abominations (Lair:6)
  4 acid dragons
  13 water moccasins
  A sky beast (D:7)
  A meliai simulacrum (D:14)
  2 ice beasts (D:7)
  A black bear (Lair:2)
  18 orc warriors
  A boggart (Lair:1)
  6 wolves
  12 ogres
  13 centaurs
  2 kobold brigands
  9 bullfrogs
  3 earth elementals
  2 gnoll sergeants
  A wyvern zombie (D:8)
  2 scorpions
  19 killer bees (Lair:1)
  7 howler monkeys
  16 wights
  3 centaur zombies
  A jelly (D:8)
  A gnoll shaman (D:3)
  13 orc priests
  5 hounds
  2 bullfrog skeletons (D:5)
  3 iguanas
  19 orc wizards
  A killer bee zombie (D:8)
  A hound skeleton (D:4)
  A howler monkey zombie (D:10)
  23 gnolls
  9 adders
  2 shadow imps (Gauntlet)
  A white imp (Gauntlet)
  2 ufetubi
  2 adder zombies (D:5)
  4 worms
  A dart slug (D:1)
  48 orcs
  4 ball pythons
  3 bats
  3 endoplasms
  3 giant cockroaches
  8 goblins
  6 hobgoblins
  8 jackals
  14 kobolds
  2 quokkas (D:4)
  A frilled lizard (D:2)
  9 rats
777 creatures vanquished.

Vanquished Creatures (collateral kills)
  A hydra (Lair:6)
  A boulder beetle (Lair:2)
  2 dancing weapons (Elf:2)
  A deep elf pyromancer (Elf:2)
  A deep elf zephyrmancer (Elf:2)
  A salamander (Lair:5)
  A rust devil (Gauntlet)
  2 yaks
  A basilisk (Lair:4)
  A water moccasin (Lair:2)
12 creatures vanquished.

Vanquished Creatures (others)
  A fire dragon (D:15)
  A deep elf knight (Elf:2)
  A deep elf pyromancer (Elf:2)
  A dream sheep (Lair:5)
  3 bushes
  36 fungi
  55 plants
98 creatures vanquished.

Grand Total: 887 creatures vanquished

Notes
Turn   | Place    | Note
-------+----------+-------------------------------------------
     0 | D:1      | porpoise the Demonspawn Warper began the quest for the Orb.
     0 | D:1      | Reached XP level 1. HP: 16/16 MP: 3/3
   193 | D:1      | Gained mutation: You are partially covered in razor-sharp
                  | scales. (AC +1, Slay +1) [demonic ancestry]
   193 | D:1      | Reached XP level 2. HP: 19/23 MP: 5/5
   529 | D:1      | Reached skill level 1 in Stealth
   530 | D:1      | Upgraded the game from 0.29-a0-9-g022ca4c890 to
                  | 0.29-a0-11-ga75d3d97ab
   656 | D:1      | Learned a level 2 spell: Blink
   711 | D:1      | Learned a level 2 spell: Wereblood
  1522 | D:2      | Gained mutation: You have sharp fingernails. [demonic
                  | ancestry]
  1522 | D:2      | Reached XP level 3. HP: 29/29 MP: 6/6
  1996 | D:2      | Found an opulent altar of Gozag.
  2951 | D:2      | Gained mutation: You have very sharp fingernails. [demonic
                  | ancestry]
  2951 | D:2      | Reached XP level 4. HP: 37/37 MP: 7/7
  3203 | D:3      | Found a faded altar of an unknown god.
  3636 | D:3      | Reached skill level 1 in Unarmed Combat
  3871 | D:3      | Found a hazy altar of Hepliaklqana.
  3917 | D:3      | Found a shadowy altar of Dithmenos.
  4274 | D:4      | Noticed an ogre
  4412 | D:4      | Reached skill level 2 in Unarmed Combat
  4412 | D:4      | Gained mutation: You regenerate magic rapidly. [demonic
                  | ancestry]
  4412 | D:4      | Reached XP level 5. HP: 42/42 MP: 8/8
  4748 | D:4      | Reached skill level 3 in Unarmed Combat
  4817 | D:4      | Found a staircase to the Ecumenical Temple.
  4844 | D:4      | Reached XP level 6. HP: 49/49 MP: 9/9
  5220 | Temple   | Entered the Ecumenical Temple
  5384 | Temple   | Became a worshipper of Nemelex Xobeh the Trickster
  5675 | D:5      | Entered Level 5 of the Dungeon
  5779 | D:5      | Reached skill level 4 in Unarmed Combat
  5857 | D:5      | Reached skill level 5 in Fighting
  6173 | D:5      | Gained mutation: You are partially covered in sharp spines.
                  | [demonic ancestry]
  6173 | D:5      | Reached XP level 7. HP: 56/56 MP: 10/10
  7064 | D:6      | Reached skill level 5 in Unarmed Combat
  7200 | D:6      | Reached * piety under Nemelex Xobeh
  7209 | D:6      | Found a runed translucent door.
  7497 | D:6      | Received a gift from Nemelex Xobeh
  7631 | D:6      | Identified the +0 hunting sling "Wiawich" {vorpal, rC+
                  | Int+4}
  7766 | D:6      | Noticed a two-headed ogre
  7767 | D:6      | Noticed issech's ghost (novice TrMo)
  7791 | D:7      | Noticed a yak
  7791 | D:7      | Noticed a yak
  7791 | D:7      | Noticed a yak
  7791 | D:7      | Noticed a yak
  7791 | D:7      | Noticed a yak
  7820 | D:6      | Gained mutation: You are mostly covered in razor-sharp
                  | scales. (AC +2, Slay +2) [demonic ancestry]
  7820 | D:6      | Reached XP level 8. HP: 44/61 MP: 11/11
  8015 | D:7      | Noticed Menkaure
  8021 | D:6      | Reached skill level 6 in Unarmed Combat
  8773 | D:7      | Killed Menkaure
  8774 | D:7      | Reached skill level 7 in Unarmed Combat
  9166 | D:6      | Reached XP level 9. HP: 40/71 MP: 12/12
  9457 | D:6      | Reached skill level 5 in Stealth
  9467 | D:6      | Reached skill level 8 in Unarmed Combat
 10286 | D:7      | Reached ** piety under Nemelex Xobeh
 10299 | D:7      | Reached skill level 1 in Invocations
 10444 | D:8      | Reached skill level 9 in Unarmed Combat
 10773 | D:8      | Noticed Maurice
 10783 | D:8      | Killed Maurice
 10844 | D:8      | Received a gift from Nemelex Xobeh
 10857 | D:8      | Noticed a two-headed ogre
 10883 | D:8      | Killed a two-headed ogre
 10884 | D:8      | Reached skill level 10 in Unarmed Combat
 10884 | D:8      | Reached XP level 10. HP: 30/79 MP: 13/13
 11205 | D:8      | Found an ornate altar of the Wu Jian Council.
 11307 | D:8      | Found a staircase to the Lair.
 11514 | D:8      | Reached skill level 5 in Invocations
 11831 | Lair:1   | Entered Level 1 of the Lair of Beasts
 11837 | Lair:1   | Received a gift from Nemelex Xobeh
 11860 | Lair:1   | Identified the +5 scale mail "Xouthid" {rPois Will+ Int+4}
 12157 | Lair:1   | Noticed a black mamba
 12160 | Lair:1   | a black mamba changed into a human
 12201 | Lair:1   | Learned a level 4 spell: Animate Dead
 12582 | Lair:1   | Noticed a cane toad
 12590 | Lair:1   | Killed a cane toad
 12591 | Lair:1   | Reached skill level 5 in Dodging
 12591 | Lair:1   | Reached skill level 11 in Unarmed Combat
 12854 | Lair:1   | Reached skill level 1 in Armour
 13207 | Lair:2   | Found a transporter.
 13207 | Lair:2   | Noticed a boulder beetle
 13208 | Lair:2   | Found a transporter.
 13208 | Lair:2   | Noticed a boulder beetle
 13228 | Lair:2   | Killed a boulder beetle
 13229 | Lair:2   | Reached skill level 1 in Evocations
 13229 | Lair:2   | Reached XP level 11. HP: 55/84 MP: 16/16
 13235 | Lair:2   | Killed a boulder beetle
 13782 | Lair:2   | Found a staircase to the Snake Pit.
 13782 | Lair:2   | Noticed a death yak
 14018 | Lair:2   | Noticed a death yak
 14032 | Lair:2   | Killed a death yak
 14061 | Lair:2   | Noticed a death yak
 14090 | Lair:2   | Killed a death yak
 14091 | Lair:2   | Reached skill level 12 in Unarmed Combat
 14095 | Lair:2   | Killed a death yak
 14212 | Lair:2   | Found a staircase to the Shoals.
 14248 | Lair:2   | Reached *** piety under Nemelex Xobeh
 14248 | Lair:2   | Received a gift from Nemelex Xobeh
 14369 | Lair:2   | Reached skill level 5 in Armour
 14369 | Lair:2   | Reached skill level 5 in Evocations
 14641 | Lair:2   | Noticed a lindwurm
 14643 | Lair:2   | Noticed a lindwurm
 14648 | Lair:2   | Killed a lindwurm
 14648 | Lair:2   | Killed a lindwurm
 14649 | Lair:2   | Reached skill level 1 in Short Blades
 14654 | Lair:2   | Noticed a lindwurm
 14798 | Lair:2   | Killed a lindwurm
 15018 | Lair:2   | Reached XP level 12. HP: 92/92 MP: 17/17
 15752 | Lair:3   | Received a gift from Nemelex Xobeh
 16201 | Lair:3   | Identified the +1 leather armour "Onuogine" {rC+}
 17014 | Lair:4   | Noticed a seven-headed hydra
 17025 | Lair:4   | Killed a seven-headed hydra
 17200 | Lair:4   | Reached skill level 10 in Fighting
 17200 | Lair:4   | Reached skill level 5 in Translocations
 17446 | Lair:4   | Reached skill level 1 in Transmutations
 17642 | Lair:4   | Reached **** piety under Nemelex Xobeh
 18616 | Lair:5   | Found a staircase to the Slime Pits.
 19050 | Lair:5   | Noticed a catoblepas
 19058 | Lair:5   | Killed a catoblepas
 19179 | Lair:5   | Reached XP level 13. HP: 72/106 MP: 19/19
 19938 | D:9      | Found a flagged portal.
 19956 | Bailey   | Entered a bailey
 20517 | D:9      | Noticed Erica
 20529 | D:9      | Killed Erica
 20664 | D:9      | Identified the +1 ring mail of the Camelopard {Will+ Dex+3}
 20731 | D:9      | Received a gift from Nemelex Xobeh
 20923 | D:9      | Found a basalt altar of Yredelemnul.
 20936 | D:9      | Found a snail-covered altar of Cheibriados.
 21561 | D:10     | Entered Level 10 of the Dungeon
 21930 | D:10     | Reached skill level 5 in Spellcasting
 22249 | D:10     | Reached ***** piety under Nemelex Xobeh
 22263 | D:10     | Noticed Snorg
 22342 | D:10     | Reached skill level 1 in Necromancy
 22441 | D:10     | Killed Snorg
 22926 | D:10     | Found Jucuh's Distillery.
 23286 | D:10     | Received a gift from Nemelex Xobeh
 23849 | D:11     | Found a staircase to the Orcish Mines.
 23915 | D:11     | Reached skill level 5 in Transmutations
 24717 | D:11     | Received a gift from Nemelex Xobeh
 24970 | D:11     | Identified the +1 leather armour of Duty {Dex+3}
 25082 | D:11     | Reached skill level 1 in Shields
 25089 | D:11     | Reached skill level 5 in Necromancy
 25598 | D:6      | Killed issech's ghost
 26088 | D:12     | Received a gift from Nemelex Xobeh
 26104 | D:12     | Found a gate leading to a gauntlet.
 26113 | Gauntlet | Entered a Gauntlet
 26113 | Gauntlet | Found a transporter.
 26113 | Gauntlet | Found a transporter.
 26113 | Gauntlet | Found a runed translucent door.
 26113 | Gauntlet | Found a runed translucent door.
 26125 | Gauntlet | Found a transporter.
 26143 | Gauntlet | Found a transporter.
 26143 | Gauntlet | Found a transporter.
 26143 | Gauntlet | Found a transporter.
 26145 | Gauntlet | Found a transporter.
 26145 | Gauntlet | Found a transporter.
 26157 | Gauntlet | Found a transporter.
 26173 | Gauntlet | Found a transporter.
 26199 | Gauntlet | Noticed a balrug
 26199 | Gauntlet | Found the ring of the Tortoise {AC+8}
 26201 | Gauntlet | Found a transporter.
 26207 | Gauntlet | Found a transporter.
 26220 | Gauntlet | Found a runed translucent door.
 26252 | Gauntlet | Found a transporter.
 26267 | Gauntlet | Found a transporter.
 26656 | Gauntlet | Identified the +1 hat "Tediwn" {rElec Regen+ Dex-2}
 26759 | Gauntlet | Noticed a reaper
 26759 | Gauntlet | a balrug changed into a reaper
 26761 | Gauntlet | a reaper changed into a shadow demon
 26766 | Gauntlet | Reached XP level 14. HP: 113/115 MP: 13/21
 26805 | Gauntlet | Identified the ring "Izuineyzac" {rN++ Str+6}
 26853 | Gauntlet | Identified the +9 hand axe of Noon {vorpal, rPois Will-
                  | Int+2 Dex+7}
 27561 | D:13     | Received a gift from Nemelex Xobeh
 27578 | D:13     | Reached skill level 1 in Maces & Flails
 28072 | D:13     | Found a gate to the Vaults.
 28206 | D:13     | Identified the +2 long sword of Cruel Justice {antimagic,
                  | rN+ Will+ Int+3}
 28396 | D:13     | Identified the ring of Ucegi Escha {rElec EV+4 Str-4 Int+6}
 28573 | D:13     | Noticed Jorgrun
 28581 | D:13     | Banished Jorgrun
 28582 | D:13     | Reached skill level 5 in Shields
 29234 | D:13     | Reached skill level 13 in Unarmed Combat
 29514 | D:14     | Found Tonuasch's Assorted Antiques.
 29524 | D:14     | Bought a pair of embroidered boots for 180 gold pieces
 29524 | D:14     | Bought a crude leather armour for 168 gold pieces
 29524 | D:14     | Identified the +1 leather armour "Givob" {rF+++ Dex-5 SInv
                  | Stlth-} (You bought it in a shop on level 14 of the
                  | Dungeon)
 29524 | D:14     | Bought a scorched ring mail for 216 gold pieces
 29524 | D:14     | Identified the +5 ring mail of Intuition {Harm rPois SInv
                  | Stlth-} (You bought it in a shop on level 14 of the
                  | Dungeon)
 29524 | D:14     | Bought a steel ring for 120 gold pieces
 29524 | D:14     | Bought a potion of might for 96 gold pieces
 29524 | D:14     | Identified 2 scrolls of acquirement
 29525 | D:14     | Acquired 701 gold pieces
 29527 | D:14     | Acquired 1234 gold pieces
 29534 | D:14     | Received a gift from Nemelex Xobeh
 29864 | D:14     | Found Ziegy's Antique Armour Emporium.
 29883 | D:14     | Bought a translucent ring mail for 342 gold pieces
 29883 | D:14     | Identified the +1 ring mail of Uthoofyo {rF+ Int+2} (You
                  | bought it in a shop on level 14 of the Dungeon)
 30056 | D:14     | Found Roijaqy's Book Shoppe.
 30363 | D:14     | Noticed a tengu reaver
 30813 | D:14     | Killed a tengu reaver
 31132 | D:14     | Noticed a white very ugly thing
 31142 | D:14     | Killed a white very ugly thing
 31253 | D:14     | Found Routz's Jewellery Shoppe.
 31338 | D:14     | Received a gift from Nemelex Xobeh
 31692 | D:10     | Bought a potion of heal wounds for 70 gold pieces
 31692 | D:10     | Bought a potion of might for 56 gold pieces
 31692 | D:10     | Bought a potion of might for 56 gold pieces
 31692 | D:10     | Bought 2 potions of curing for 84 gold pieces
 31692 | D:10     | Bought a potion of heal wounds for 70 gold pieces
 31743 | D:15     | Entered Level 15 of the Dungeon
 31764 | D:15     | Found a runed translucent door.
 31764 | D:15     | Found the +2 shield of Resistance {rF++ rC++ Will++}
 31946 | D:15     | Reached XP level 15. HP: 100/120 MP: 25/25
 32400 | D:15     | Found a staircase to the Depths.
 32517 | D:15     | Reached skill level 14 in Unarmed Combat
 32819 | D:15     | Found a runed translucent door.
 32931 | D:15     | Received a gift from Nemelex Xobeh
 33465 | Lair:1   | Upgraded the game from 0.29-a0-11-ga75d3d97ab to
                  | 0.29-a0-22-gbf593b16ee
 33707 | Lair:6   | Entered Level 6 of the Lair of Beasts
 34219 | Lair:6   | Received a gift from Nemelex Xobeh
 34254 | Lair:6   | Identified the +2 robe of Woukosent {SInv}
 34757 | Lair:6   | Reached ****** piety under Nemelex Xobeh
 34927 | Lair:6   | Received a gift from Nemelex Xobeh
 35858 | Lair:6   | Reached skill level 15 in Unarmed Combat
 36546 | Lair:6   | Found a corrupted altar of Lugonu.
 36546 | Lair:6   | Found a one-way gate to the infinite horrors of the Abyss.
 36562 | Lair:6   | Identified the +1 plate armour "Ygeve" {rElec}
 36567 | Lair:6   | Identified the +1 hand axe of Fanin {vorpal, Fly}
 36906 | Orc:1    | Entered Level 1 of the Orcish Mines
 36956 | Orc:1    | Found Ynis's Antique Weapon Shoppe.
 37428 | Orc:1    | Found Vaz Hao's Jewellery Boutique.
 37445 | Orc:1    | Gained mutation: You have claws for hands. [demonic
                  | ancestry]
 37445 | Orc:1    | Reached XP level 16. HP: 118/127 MP: 26/26
 37942 | Orc:2    | Entered Level 2 of the Orcish Mines
 38135 | Orc:2    | Received a gift from Nemelex Xobeh
 38152 | Orc:2    | Found a staircase to the Elven Halls.
 38245 | Orc:2    | Found Tuigatsops's Assorted Antiques.
 38312 | Orc:2    | Bought a blackened brass wand for 132 gold pieces
 38361 | Orc:2    | Reached skill level 16 in Unarmed Combat
 38538 | Orc:2    | Noticed Donald
 38551 | Orc:2    | HP: 4/127 [Donald (30)]
 38552 | Orc:2    | Killed Donald
 38751 | Orc:2    | Received a gift from Nemelex Xobeh
 39072 | Orc:2    | Found Zasef's Antique Armour Emporium.
 39616 | Orc:2    | Found Waojarreab's Antique Weapon Emporium.
 39655 | Orc:2    | Found Taqoanozae's Assorted Antiques.
 39659 | Orc:2    | Found Zeraul's Magic Scroll Shop.
 39705 | Orc:2    | Bought a fine scale mail for 279 gold pieces
 39705 | Orc:2    | Identified the +3 scale mail of the Weaver {Will+} (You
                  | bought it in a shop on level 2 of the Orcish Mines)
 39708 | Orc:2    | Bought a twisted jade ring for 135 gold pieces
 39719 | Orc:2    | Bought a jewelled hunting sling for 214 gold pieces
 39719 | Orc:2    | Identified the +4 hunting sling "Upleep" {vorpal, rPois
                  | Dex+2} (You bought it in a shop on level 2 of the Orcish
                  | Mines)
 40073 | Elf:1    | Entered Level 1 of the Elven Halls
 40093 | Elf:1    | Paralysed by an air elemental for 1 turns
 40480 | Elf:1    | Reached skill level 10 in Invocations
 40726 | Elf:1    | Received a gift from Nemelex Xobeh
 41385 | Elf:1    | Found a portal to a secret trove of treasure.
 41822 | Elf:1    | Found Wuteet's Book Boutique.
 41975 | Orc:1    | Bought a ring of flight for 297 gold pieces
 42296 | Elf:1    | Received a gift from Nemelex Xobeh
 42477 | Elf:2    | Noticed Agnes
 42505 | Elf:1    | Killed Agnes
 42612 | Elf:2    | Gained mutation: You are mostly covered in sharp spines.
                  | [demonic ancestry]
 42612 | Elf:2    | Reached XP level 17. HP: 87/139 MP: 27/27
 43401 | Elf:2    | Found a huge runed translucent gate.
 43401 | Elf:2    | Found a huge runed translucent gate.
 43412 | Elf:2    | Found a huge runed translucent gate.
 43945 | Elf:2    | Found a huge runed translucent gate.
 43945 | Elf:2    | Found a huge runed translucent gate.
 44025 | Elf:2    | HP: 6/140 [+2 antimagic lajatang (25)]
 44031 | Elf:2    | HP: 2/140 [+2 antimagic war axe (15)]
 44031 | Elf:2    | Mangled by a +2 antimagic lajatang

Illustrated notes

Levels and vault maps discovered:
D:1:      dpeg_arrival_radiant, layout_loops_ring
D:2:      layout_basic, basic_altar, minmay_tree_intersection,
          minmay_quadrilaterals
D:3:      layout_loops_cross, mainiacjoe_overflow_tiny_flanked,
          mainiacjoe_overflow_boulevard, ebering_ecumenical_altar_webs
D:4:      layout_basic, minmay_temple_entry_large_hall, enter_ossuary_2
D:5:      layout_gridville, zin_treasury, serial_bayou_pond_b,
          minmay_fountain_box
D:6:      wander_river, layout_rooms, ebering_ghost_inner_flame,
          hex_intersection, serial_bayou_crossing
D:7:      layout_rooms, uniq_menkaure
D:8:      layout_cave_pools, nicolae_overflow_hidden_temple,
          erik_lair_orcish_takeover, uniq_maurice
D:9:      layout_irregular_city, mainiacjoe_overflow_alcove_4,
          cheibriados_altar_1, enter_bailey_4, kennysheep_small_square,
          uniq_erica
D:10:     cheibrodos_elevator_heist, layout_cave_pools, serial_shops,
          nicolae_take_the_stairs, eino_small_chamber_without_monster,
          chequers_serial_rivers_small_a, uniq_snorg
D:11:     minmay_s_stair_smasher, layout_cave_pools, orc_0_dummy
D:12:     layout_roguey, gauntlet_entry_generic
D:13:     layout_layer_cave, david_vaults_5, uniq_jorgrun
D:14:     layout_basic, serial_shops, shop, nicolae_diamond_shop,
          nicolae_stop_n_shop_1, nicolae_shop_waterfront,
          dilly_guarded_unrand_elemental_staff
D:15:     grunt_enter_depths_hoard, layout_irregular_city,
          small_statue_intersection, minmay_guarded_unrand_resistance
Temple:   eino_temple_scatter_basement
Lair:1:   layout_misc_corridors, special_room [special_room_bee],
          cheibrodos_lair_lostbears, serial_bayou_shore_b
Lair:2:   gammafunk_boulding_lane, layout_gridlike, shoals_dummy_entry,
          guppyfry_snake_entry_garden, st_stairs_10, nicolae_lair_lindhole,
          infiniplex_staircase_pool_2
Lair:3:   layout_gridlike
Lair:4:   layout_cave_pods, wad_woods_road_03, st_stairs_8, worms_lemuel,
          serial_bayou_shore_b
Lair:5:   layout_cave_pods, slime_dummy
Lair:6:   hellmonk_lair_end_abyssal_woods, layout_long_grid
Orc:1:    layout_caves, guppyfry_orc_lava_fort
Orc:2:    st_orc_elflike, layout_caves, serial_shops,
          nicolae_shop_window_shopping, nicolae_orc_pool_cavern, sword_in_stone,
          uniq_donald
Elf:1:    eino_elf_arrival_shootout, layout_onion_city, enter_trove_1,
          serial_shops, shop, evilmike_minifort
Elf:2:    elven_hall_of_blades_hangedman_alternative
          [nicolae_blade_entry_pointy_end], layout_gridlike, dk_noncrumbling_3,
          uniq_agnes

Skill      XL: |  1  2  3  4  5  6  7  8  9 10 11 12 13 14 15 16 17 |
---------------+----------------------------------------------------+-----
Polearms       | 2 |  2.0
Stealth        | 1 3 4 5 |  5.0
Fighting       | 3 4 5 6 7 8 11 12 14 | 14.6
Unarmed Combat | 2 3 4 5 7 10 11 12 13 15 16 | 16.0
Dodging        | 3 5 6 7 |  7.0
Invocations    | 4 7 9 11 12 | 12.0
Armour         | 2 5 7 |  7.0
Evocations     | 1 5 |  5.4
Short Blades   | 2 |  2.0
Spellcasting   | 3 4 5 7 |  7.0
Translocations | 3 5 7 |  7.0
Transmutations | 2 5 6 7 |  7.0
Necromancy     | 6 7 9 |  9.0
Shields        | 2 5 6 7 |  7.6
Maces & Flails | 2 |  2.0
Throwing       | |  0.8

Action                   |  1- 3 |  4- 6 |  7- 9 | 10-12 | 13-15 | 16-18 || total
-------------------------+-------+-------+-------+-------+-------+-------++-------
Melee: Spear             |   195 |    45 |       |       |       |       ||   240
       Punch             |     1 |     5 |    11 |    28 |    53 |       ||    98
       Unarmed           |       |   115 |   145 |   355 |  1141 |   551 ||  2307
       Staff             |       |       |       |       |     7 |       ||     7
 Fire: Hunting sling     |       |    18 |    74 |   168 |   250 |    65 ||   575
Throw: Dart              |       |       |     4 |    18 |     5 |       ||    27
       Boomerang         |       |       |       |     1 |       |       ||     1
 Cast: Wereblood         |       |       |       |       |     4 |    14 ||    18
Invok: Draw Destruction  |       |       |     1 |    21 |    35 |    10 ||    67
       Draw Summoning    |       |       |     1 |     6 |     6 |     5 ||    18
       Draw Escape       |       |       |       |     2 |     6 |     1 ||     9
       Deal Four         |       |       |       |       |     2 |       ||     2
       Draw Stack        |       |       |       |       |       |     3 ||     3
       Stack Five        |       |       |       |       |       |     1 ||     1
Evoke: Wand              |       |       |     3 |     4 |     4 |     6 ||    17
       Piece from Xom's  |       |       |       |       |     1 |       ||     1
       Tin of tremorston |       |       |       |       |     1 |     4 ||     5
  Use: Scroll            |       |     4 |     6 |    13 |    12 |     4 ||    39
       Potion            |       |     2 |     1 |     1 |     7 |     6 ||    17
 Stab: Sleeping          |       |       |     1 |       |     7 |     1 ||     9
       Distracted        |       |       |     1 |       |     3 |     2 ||     6
Armor: Scale mail        |    56 |    40 |     3 |   162 |   534 |   195 ||   990
       Skin              |       |     4 |       |       |       |       ||     4
       Ring mail         |       |       |    40 |     3 |       |       ||    43
Dodge: Dodged            |    66 |    77 |    62 |   173 |   433 |   138 ||   949
Block: Other             |       |       |       |    51 |   133 |       ||   184
       Reflection        |       |       |       |       |    26 |    57 ||    83
       Buckler           |       |       |       |       |    97 |       ||    97
       Kite shield       |       |       |       |       |   228 |   384 ||   612

Table legend: (Time is in decaauts)
 A = Elapsed time spent in this place.
 B = Non-inter-level travel time spent in this place.
 C = Inter-level travel time spent in this place.
 D = Time resting spent in this place.
 E = Time spent auto-exploring this place.
 F = Levels seen in this place.
 G = Mean time per level.
                   A        B        C        D        E       F      G
               +--------+--------+--------+--------+--------+-----+--------+
         Total |  43651 |  40449 |   3202 |  15656 |  12824 |  28 | 1559.0 |
       Dungeon |  23827 |  21923 |   1904 |   9382 |   8327 |  15 | 1588.5 |
        Temple |    175 |    164 |     11 |      0 |    136 |   1 |  175.0 |
          Lair |  11684 |  10952 |    732 |   4167 |   3288 |   6 | 1947.3 |
  Orcish Mines |   2931 |   2736 |    195 |    736 |    168 |   2 | 1465.5 |
   Elven Halls |   3774 |   3415 |    359 |    988 |    597 |   2 | 1887.0 |
        Bailey |    496 |    496 |      0 |    187 |     87 |   1 |  496.0 |
      Gauntlet |    761 |    761 |      0 |    194 |    220 |   1 |  761.0 |
               +--------+--------+--------+--------+--------+-----+--------+

Top non-repeatable levels by time:
  Lair:2: 2818 daAuts
  Lair:6: 2651 daAuts
     D:6: 2526 daAuts
   Elf:1: 2517 daAuts
    D:10: 2435 daAuts
     D:2: 2149 daAuts
    D:13: 1918 daAuts
   Orc:2: 1892 daAuts
  Lair:1: 1888 daAuts
    D:14: 1843 daAuts
  Lair:4: 1745 daAuts
  Lair:5: 1651 daAuts
    D:11: 1599 daAuts
     D:5: 1565 daAuts
    D:15: 1562 daAuts
